 Dungeon Crawl Stone Soup version 0.31-a0-182-gc5ef74bbde (webtiles) character file.

Game seed: 4337057818168594933

2914 qw the Cleaver (level 9, 0/57 HPs)
             Began as a Gargoyle Fighter on June 20, 2023.
             Was a Believer of Okawaru.
             Slain by a wolf (2 damage)
             ... on level 8 of the Dungeon.
             The game lasted 00:03:14 (6814 turns).

qw the Cleaver (Gargoyle Fighter)                   Turns: 6814, Time: 00:03:14

Health: 0/57       AC: 21    Str: 23    XL:     9   Next: 78%
Magic:  11/12      EV: 10    Int: 10    God:    Okawaru [**....]
Gold:   262        SH:  5    Dex:  9    Spells: 8/8 levels left

rFire   . . .        Y - +2 war axe
rCold   . . .        c - +0 buckler
rNeg    + . .        p - +0 chain mail
rPois   inf          (no helmet)
rElec   +            e - +1 cloak
rCorr   .            (no gloves)
SInv    .            b - +0 pair of boots
Will    .....        t - amulet of regeneration Stlth
                     (no ring)
HPRegen 1.09/turn    (no ring)
MPRegen 0.13/turn

%: no passive effects
@: about to teleport, heroic
A: sickness immunity, AC +6, negative energy resistance 1, electricity
resistance, torment resistance 1, petrification resistance
a: Renounce Religion, Heroism


You were on level 8 of the Dungeon.
You worshipped Okawaru.
Okawaru was pleased with you.
You visited 2 branches of the dungeon, and saw 9 of its levels.
You also visited: Sewer.

You collected 262 gold pieces.


Innate Abilities, Weirdness & Mutations

You are immune to sickness and miasma.
Your stone body is resilient. (AC +6)
You are immune to poison.
You resist negative energy. (rN+)
You are resistant to electric shocks. (rElec)
You are resistant to unholy torment.
You are immune to petrification.


   Skills:
 - Level 7.0(12.0) Fighting
 - Level 9.0(14.0) Axes
 - Level 3.3(8.3) Throwing
 + Level 4.5(9.5) Armour
 - Level 2.0(7.0) Dodging
 - Level 4.0(9.0) Shields
 - Level 4.0 Invocations


You had 8 spell levels left.
You didn't know any spells.
Your spell library was empty.

Inventory:

Hand Weapons
 a - a +0 morningstar
 n - the +1 whip of Wyufu {speed, rC+ rCorr Int+3}
   (You found it on level 7 of the Dungeon)

   Int:       It affects your intelligence (+3).
   rC:        It protects you from cold.
   rCorr:     It protects you from acid and corrosion.
 Y - a +2 war axe (weapon)
Missiles
 h - 5 javelins (quivered)
 m - 2 silver javelins
 u - 6 boomerangs
Armour
 b - a +0 pair of boots (worn)
 c - a +0 buckler (worn)
 e - a +1 cloak (worn)
 p - a +0 chain mail (worn)
Jewellery
 t - an amulet of regeneration (around neck)
Scrolls
 i - 8 scrolls of teleportation
 l - a scroll of revelation {unknown}
 r - 2 scrolls of identify
Potions
 d - a potion of might
 f - a potion of resistance
 g - a potion of mutation
 j - 5 potions of curing
 k - a potion of lignification
 q - 2 potions of magic
 s - a potion of attraction
 v - a potion of haste

Dungeon Overview and Level Annotations

Branches:
Dungeon (8/15)             Temple (1/1) D:5            Lair (0/5) D:8
  Sewer (visited)

Altars:
Ashenzari
Cheibriados
Elyvilon
Fedhas
Gozag
Hepliaklqana
Kikubaaqudgha
Okawaru
Ru
Sif Muna
Trog
Uskayaw
Vehumet
Wu Jian
Zin

Shops:
D:4 (   D:5 =   D:7 *


Message History

The wolf bites you.
The orc shouts!
The kobold shouts!
You hit the wolf.
The wolf is lightly wounded.
You closely miss the wolf.
You hear a shout!
The wolf barely misses you. The wolf closely misses you.
The orc wizard casts a spell.
The orc wizard flickers and vanishes!
Deactivating autopickup; reactivate with Ctrl-A.
A kobold comes into view. It is wielding a +0 dagger.
An ice beast comes into view. x2
You hear a shout!
You closely miss the wolf.
The wolf is lightly wounded.
You closely miss the wolf. You slash the wolf!
You hear a shout!
You block the wolf's attack.
The wolf bites you but does no damage. x4
You barely miss the wolf.
The wolf is heavily wounded.
You slash the wolf! You miss the wolf. The wolf barely misses you.
The wolf bites you but does no damage.
An orc priest comes into view. It is wielding a +0 flail.
The orc warrior hits you from afar with a +0 trident.
An ice beast comes into view.
You block the wolf's attack. The wolf bites you.
6813 ||| READING 9 scrolls of teleportation.
As you read the scroll of teleportation, it crumbles to dust.
You feel strangely unstable. The wolf bites you but does no damage.
The wolf closely misses you. x2
The orc warrior barely misses you. You block the wolf's attack.
The wolf bites you but does no damage.
You hit the wolf.
The wolf is almost dead.
You slash the wolf! You barely miss the wolf. You block the wolf's attack.
The wolf completely misses you.
The orc warrior hits you from afar with a +0 trident.
The orc priest mumbles some strange prayers to Beogh against you.
Beogh smites you! The wolf bites you but does no damage. The wolf bites you.
You die...

... .... ...
......# ....
......# #...Y
o..#..# #.#Y#
o.....#
..#..K###o.....
.#..YKh#.....~.
..K.Kkh@..#
.#..Yoh#..#
##...K.#.....#
##{#Y# .....#
#oD.# ...###


oY... ....# ..#..# ..#.# .o... ..#.# ... .## # You could see a rime drake, a
steam dragon, an orc warrior, 6 ice beasts, a kobold brigand, 3 wolves, 2 orc
priests, 2 orc wizards, an orc and 4 kobolds.

Vanquished Creatures
  An unseen horror (D:7)
  A wyvern (D:5)
  2 swamp worms (D:8)
  Duvessa (D:7)
  4 water moccasins (D:6)
  A sky beast (D:7)
  A black bear (D:5)
  2 ogres
  2 kobold brigands
  2 scorpions (D:5)
  Dowan (D:7)
  4 killer bees (D:7)
  3 howler monkeys (D:7)
  A jelly (D:7)
  An orc priest (D:5)
  4 hounds
  A sleepcap (D:7)
  3 iguanas
  5 orc wizards
  12 gnolls
  15 adders
  3 river rats (Sewer)
  A shadow imp (D:5)
  4 white imps
  An ufetubus (D:5)
  11 orcs
  10 ball pythons
  11 endoplasms
  8 giant cockroaches
  6 goblins
  3 hobgoblins (D:1)
  6 quokkas
  6 bats
  6 frilled lizards
  14 kobolds
  9 rats
166 creatures vanquished.

Vanquished Creatures (others)
  A wizard (D:4)
1 creature vanquished.

Grand Total: 167 creatures vanquished

Notes
Turn   | Place    | Note
-------+----------+-------------------------------------------
     0 | D:1      | qw the Gargoyle Fighter began the quest for the Orb.
     0 | D:1      | Reached XP level 1. HP: 14/14 MP: 1/1
     0 | D:1      | 0 ||| qw: Version: 0.3-a-9-g12657ce
     0 | D:1      | 0 ||| qw: Game counter: 1426
     0 | D:1      | 0 ||| qw: Always use a shield: true
     0 | D:1      | 0 ||| qw: God list: Okawaru
     0 | D:1      | 0 ||| qw: Allow faded altars: false
     0 | D:1      | 0 ||| qw: Do Orc after D:15 true
     0 | D:1      | 0 ||| qw: Do second Lair branch before Depths: true
     0 | D:1      | 0 ||| qw: Lair rune preference: random
     0 | D:1      | 0 ||| qw: Plans: Normal, Zot:1-4, Slime:5, God:TSO, Crypt,
                  | Tomb, Abyss, Pan, Hells, Win
     0 | D:1      | 0 ||| PLANNING D:1-11
    38 | D:1      | Reached skill level 2 in Axes
   165 | D:1      | 165 ||| Stepping ~*~*~tactically~*~*~ (stealth).
   170 | D:1      | Reached XP level 2. HP: 16/19 MP: 2/2
   326 | D:1      | 326 ||| Stepping ~*~*~tactically~*~*~ (stealth).
   343 | D:1      | Reached skill level 3 in Axes
   347 | D:1      | 347 ||| Stepping ~*~*~tactically~*~*~ (stealth).
   348 | D:1      | 348 ||| Stepping ~*~*~tactically~*~*~ (stealth).
   453 | D:1      | Reached XP level 3. HP: 23/23 MP: 3/3
   567 | D:1      | 567 ||| READING scroll labelled GOTESOSTIASH.
   568 | D:1      | 568 ||| READING scroll labelled RIAR HAISKAFUE.
   569 | D:1      | 569 ||| READING scroll labelled SEHUSU KEBLY.
   572 | D:1      | 572 ||| READING scroll labelled CUMPEH YSEAZOMP.
   573 | D:1      | 573 ||| READING scroll labelled MIUFEF ZOSUS.
   574 | D:1      | 574 ||| READING scroll labelled TOKHEO OROZ.
   637 | D:2      | Reached skill level 1 in Throwing
   673 | D:2      | 673 ||| Stepping ~*~*~tactically~*~*~ (stealth).
   688 | D:2      | 688 ||| Stepping ~*~*~tactically~*~*~ (stealth).
   746 | D:2      | Found a faded altar of an unknown god.
   748 | D:2      | 748 ||| Stepping ~*~*~tactically~*~*~ (stealth).
   769 | D:2      | Reached XP level 4. HP: 28/28 MP: 4/4
  1113 | D:2      | 1113 ||| Stepping ~*~*~tactically~*~*~ (water).
  1139 | D:2      | Reached skill level 4 in Axes
  1177 | D:2      | 1177 ||| DROPPING +0 club.
  1201 | D:2      | 1201 ||| DROPPING +0 whip.
  1318 | D:2      | 1318 ||| DROPPING +1 whip of freezing.
  1588 | D:2      | 1588 ||| UPGRADING to +0 cloak.
  1593 | D:2      | 1593 ||| READING scroll labelled GAIT CA KUS.
  1653 | D:3      | 1653 ||| Stepping ~*~*~tactically~*~*~ (stealth).
  1661 | D:3      | 1661 ||| DROPPING +0 mace.
  2019 | D:3      | Reached XP level 5. HP: 27/32 MP: 5/5
  2079 | D:3      | 2079 ||| Stepping ~*~*~tactically~*~*~ (hiding).
  2234 | D:3      | Identified the +1 leather armour "Dagen" {Rampage Drain
                  | Regen+}
  2250 | D:3      | Reached skill level 5 in Axes
  2307 | D:3      | 2307 ||| DROPPING +1 leather armour "Dagen" {Rampage Drain
                  | Regen+}.
  2308 | D:3      | 2308 ||| READING scroll labelled RELOCKYNUSU.
  2309 | D:3      | 2309 ||| READING scroll labelled WISUGY EGOBOLI.
  2405 | D:4      | 2405 ||| READING scroll of enchant armour.
  2405 | D:4      | 2405 ||| ENCHANTING +0 cloak.
  2458 | D:4      | Found a bloodstained altar of Trog.
  2469 | D:4      | Reached XP level 6. HP: 36/38 MP: 6/6
  2538 | D:4      | Found Qoesk's Antique Weapon Boutique.
  2696 | D:4      | Found an opulent altar of Gozag.
  2748 | D:4      | Noticed a wizard
  2754 | D:4      | Killed a wizard
  2844 | D:4      | 2844 ||| UPGRADING to +0 chain mail.
  2854 | D:4      | 2854 ||| DROPPING +0 scale mail.
  2855 | D:4      | 2855 ||| DRINKING 3 metallic pink potions.
  2869 | D:5      | Entered Level 5 of the Dungeon
  2870 | D:5      | 2870 ||| PLANNING SEWER
  2886 | D:5      | Found Payhaiw's Jewellery Shoppe.
  2906 | D:5      | 2906 ||| SHOPLISTING +4 ring of slaying (1014 gold, have
                  | 155).
  2906 | D:5      | 2906 ||| SHOPLISTING +6 ring of dexterity (468 gold, have
                  | 155).
  2906 | D:5      | 2906 ||| SHOPLISTING +6 ring of strength (468 gold, have
                  | 155).
  2906 | D:5      | 2906 ||| SHOPLISTING amulet of the acrobat (390 gold, have
                  | 155).
  2906 | D:5      | 2906 ||| SHOPLISTING ring of positive energy (260 gold,
                  | have 155).
  2906 | D:5      | 2906 ||| SHOPLISTING ring of protection from fire (325
                  | gold, have 155).
  2906 | D:5      | 2906 ||| SHOPLISTING ring of see invisible (195 gold, have
                  | 155).
  3060 | D:5      | 3060 ||| Stepping ~*~*~tactically~*~*~ (water).
  3076 | D:5      | Found a glowing drain.
  3078 | D:5      | 3078 ||| UPGRADING to +0 pair of boots.
  3086 | D:5      | 3086 ||| READING scroll labelled SEUWOUGAWK.
  3094 | Sewer    | Entered a sewer
  3096 | Sewer    | 3096 ||| Stepping ~*~*~tactically~*~*~ (stealth).
  3116 | Sewer    | 3116 ||| Stepping ~*~*~tactically~*~*~ (hiding).
  3117 | Sewer    | 3117 ||| Stepping ~*~*~tactically~*~*~ (hiding).
  3136 | Sewer    | 3136 ||| Stepping ~*~*~tactically~*~*~ (water).
  3176 | Sewer    | 3176 ||| Stepping ~*~*~tactically~*~*~ (stealth).
  3268 | Sewer    | 3268 ||| Stepping ~*~*~tactically~*~*~ (water).
  3282 | Sewer    | 3282 ||| Stepping ~*~*~tactically~*~*~ (stealth).
  3283 | Sewer    | 3283 ||| Stepping ~*~*~tactically~*~*~ (stealth).
  3286 | Sewer    | 3286 ||| Stepping ~*~*~tactically~*~*~ (stealth).
  3423 | Sewer    | 3423 ||| DRINKING 2 clear potions.
  3424 | Sewer    | 3424 ||| DRINKING 2 white potions.
  3425 | Sewer    | 3425 ||| DRINKING 2 yellow potions.
  3426 | Sewer    | 3426 ||| DRINKING 2 bubbling puce potions.
  3427 | Sewer    | 3427 ||| DROPPING potion of invisibility.
  3445 | D:5      | 3445 ||| PLANNING D:1-11
  3472 | D:5      | 3472 ||| Stepping ~*~*~tactically~*~*~ (water).
  3482 | D:5      | Reached skill level 6 in Axes
  3482 | D:5      | Reached XP level 7. HP: 39/43 MP: 7/7
  3535 | D:5      | Found a staircase to the Ecumenical Temple.
  3536 | D:5      | 3536 ||| PLANNING TEMPLE
  3546 | Temple   | Entered the Ecumenical Temple
  3631 | Temple   | 3631 ||| PLANNING OKAWARU WORSHIP
  3745 | Temple   | Became a worshipper of Warmaster Okawaru
  3746 | Temple   | 3746 ||| PLANNING D:1-11
  3782 | D:5      | 3782 ||| READING scroll of enchant weapon.
  3782 | D:5      | 3782 ||| ENCHANTING +1 war axe.
  3983 | D:5      | Noticed a wyvern
  3987 | D:5      | Killed a wyvern
  3987 | D:5      | Reached * piety under Okawaru
  3988 | D:5      | Reached skill level 7 in Axes
  3988 | D:5      | Reached XP level 8. HP: 48/48 MP: 8/8
  4436 | D:5      | 4436 ||| INVOKING Heroism.
  4442 | D:5      | Reached skill level 1 in Invocations
  4801 | D:5      | 4801 ||| DROPPING ring of wizardry.
  4802 | D:5      | 4802 ||| DRINKING 2 orange potions.
  4803 | D:5      | 4803 ||| READING 2 scrolls of identify.
  4803 | D:5      | 4803 ||| IDENTIFYING viscous sapphire potion
  4804 | D:5      | 4804 ||| DROPPING potion of brilliance.
  4850 | D:6      | Found a broken altar of Ashenzari.
  5001 | D:6      | 5001 ||| Stepping ~*~*~tactically~*~*~ (stealth).
  5005 | D:6      | 5005 ||| Stepping ~*~*~tactically~*~*~ (stealth).
  5006 | D:6      | 5006 ||| Stepping ~*~*~tactically~*~*~ (stealth).
  5108 | D:6      | Reached skill level 3 in Invocations
  5642 | D:6      | Reached skill level 8 in Axes
  5770 | D:6      | 5770 ||| UPGRADING to amulet of regeneration.
  5775 | D:6      | 5775 ||| READING scroll labelled AKAMALLASEH.
  5784 | D:6      | 5784 ||| DRINKING 2 inky potions.
  5785 | D:6      | 5785 ||| READING 5 scrolls of identify.
  5785 | D:6      | 5785 ||| IDENTIFYING dark potion
  5786 | D:6      | 5786 ||| READING 4 scrolls of identify.
  5786 | D:6      | 5786 ||| IDENTIFYING metallic ruby potion
  5787 | D:6      | 5787 ||| DROPPING potion of degeneration.
  5809 | D:7      | 5809 ||| INVOKING Heroism.
  5839 | D:7      | Identified the +5 rapier "Zeqif" {vamp, rPois}
  5857 | D:7      | Identified the +1 whip of Wyufu {speed, rC+ rCorr Int+3}
  5878 | D:7      | Found Zash's Elemental Accessories.
  5942 | D:7      | Noticed Dowan
  5943 | D:7      | 5943 ||| Stepping ~*~*~tactically~*~*~ (hiding).
  5946 | D:7      | 5946 ||| Stepping ~*~*~tactically~*~*~ (hiding).
  5947 | D:7      | 5947 ||| INVOKING Heroism.
  5953 | D:7      | Killed Dowan
  5971 | D:7      | Noticed Duvessa
  5972 | D:7      | 5972 ||| INVOKING Heroism.
  5975 | D:7      | Reached XP level 9. HP: 48/54 MP: 9/12
  5986 | D:7      | Killed Duvessa
  5987 | D:7      | Reached skill level 6 in Fighting
  6116 | D:7      | 6116 ||| Stepping ~*~*~tactically~*~*~ (hiding).
  6117 | D:7      | 6117 ||| Stepping ~*~*~tactically~*~*~ (hiding).
  6342 | D:7      | Killed an unseen horror
  6342 | D:7      | Reached ** piety under Okawaru
  6351 | D:7      | 6351 ||| Stepping ~*~*~tactically~*~*~ (hiding).
  6353 | D:7      | 6353 ||| Stepping ~*~*~tactically~*~*~ (hiding).
  6419 | D:7      | Identified the +2 whip "Watokih" {freeze, Fly rElec SInv
                  | Stlth+}
  6429 | D:7      | 6429 ||| Stepping ~*~*~tactically~*~*~ (stealth).
  6432 | D:7      | 6432 ||| Stepping ~*~*~tactically~*~*~ (stealth).
  6434 | D:7      | 6434 ||| Stepping ~*~*~tactically~*~*~ (stealth).
  6441 | D:7      | 6441 ||| Stepping ~*~*~tactically~*~*~ (stealth).
  6443 | D:7      | 6443 ||| INVOKING Heroism.
  6445 | D:7      | Reached skill level 9 in Axes
  6726 | D:7      | 6726 ||| READING scroll labelled RAUMOSK NUAVOV.
  6727 | D:7      | 6727 ||| READING 3 scrolls of identify.
  6727 | D:7      | 6727 ||| IDENTIFYING lumpy yellow potion
  6775 | D:8      | 6775 ||| INVOKING Heroism.
  6803 | D:8      | Reached skill level 3 in Throwing
  6803 | D:8      | HP: 5/57 [swamp worm (15)]
  6804 | D:8      | 6804 ||| READING 10 scrolls of teleportation.
  6805 | D:8      | 6805 ||| DRINKING potion of heal wounds.
  6806 | D:8      | 6806 ||| INVOKING Heroism.
  6808 | D:8      | Found a staircase to the Lair.
  6808 | D:8      | Noticed a rime drake
  6812 | D:8      | HP: 14/57 [wolf (5)]
  6813 | D:8      | 6813 ||| READING 9 scrolls of teleportation.
  6814 | D:8      | HP: 2/57 [orc priest/divine providence (10)]
  6814 | D:8      | Slain by a wolf

Levels and vault maps discovered:
D:1:      dpeg_arrival_fog, layout_basic, nrook_uturn
D:2:      minmay_wonky_spiral, layout_basic, serial_curves, eino_curves_02,
          eino_curves_01, nicolae_ecumenical_snake_handling,
          kennysheep_another_room, serial_bayou_pond_c, minmay_misc_feat_chi
D:3:      layout_loops_cross
D:4:      layout_cave_pools, lemuel_doored_altar, trog_wizard, serial_shops,
          nicolae_shop_tiny_statue_garden
D:5:      layout_layer_cave, minmay_temple_entry_statues_fountains,
          serial_shops, nicolae_shop_temple_entry_statues_fountains,
          serial_glass, glass_columns_c, glass_columns_a, gup_sewer_entry_pipe
D:6:      layout_basic, overflow_temple_1_default
D:7:      layout_gridville, serial_park_tiny_1, nicolae_elemental_shop,
          uniq_duvessa
D:8:      layout_rooms, hellmonk_lair_entry_icy, kennysheep_flooded_box,
          worms_lemuel, uniq_erica
Temple:   nicolae_temple_slightly_damp_pantheon

Skill      XL: |  1  2  3  4  5  6  7  8  9 |
---------------+----------------------------+-----
Axes           | 2 3 4 5 6 7 8 9 |  9.0
Throwing       | 1 2 3 |  3.3
Fighting       | 4 5 7 |  7.0
Dodging        | 2 |  2.0
Invocations    | 4 |  4.0
Armour         | 4 |  4.5
Shields        | 4 |  4.0

Action                     |  1- 3 |  4- 6 |  7- 9 || total
---------------------------+-------+-------+-------++-------
  Melee: War axe           |    73 |   180 |   238 ||   491
  Throw: Javelin           |    29 |    76 |    49 ||   154
 Invoke: Heroism           |       |       |     7 ||     7
    Use: Scroll            |     6 |     5 |     9 ||    20
         Potion            |       |     5 |     3 ||     8
 Armour: Scale mail        |    39 |    88 |       ||   127
         Chain mail        |       |    40 |   190 ||   230
  Dodge: Dodged            |    29 |    85 |    83 ||   197
  Block: Buckler           |    11 |    26 |    40 ||    77

Table legend:
 A = Non-vault XP
 B = Vault XP
 C = Vault XP percentage of total XP
 D = Non-vault monster count
 E = Vault monster count
 F = Vault count percentage of total count
                 A         B        C        D         E       F
            +---------+---------+-------+---------+---------+-------
      Total |    3352 |     812 |  19.5 |     127 |      39 |  23.5
            +---------+---------+-------+---------+---------+-------
        D:1 |      39 |       0 |   0.0 |      23 |       0 |   0.0
        D:2 |      62 |      43 |  41.0 |      20 |       6 |  23.1
        D:3 |     137 |       0 |   0.0 |      20 |       0 |   0.0
        D:4 |     104 |       0 |   0.0 |       9 |       0 |   0.0
        D:5 |     836 |      12 |   1.4 |      17 |       6 |  26.1
        D:6 |     729 |       0 |   0.0 |       9 |       0 |   0.0
        D:7 |    1445 |     222 |  13.3 |      29 |       2 |   6.5
        D:8 |       0 |     330 | 100.0 |       0 |       2 | 100.0
      Sewer |       0 |     205 | 100.0 |       0 |      23 | 100.0
            +---------+---------+-------+---------+---------+-------
